 Dungeon Crawl Stone Soup version 0.22-a0-402-ga933591 (webtiles) character file.

56 Borgoz the Skirmisher (level 3, -2/24 HPs)
             Began as a Gargoyle Monk on May 6, 2018.
             Slain by Crazy Yiuf
             ... wielding a +3 quarterstaff of chaos
              (5 damage)
             ... on level 2 of the Dungeon.
             The game lasted 00:02:08 (1815 turns).

Borgoz the Skirmisher (Gargoyle Monk)               Turns: 1815, Time: 00:02:10

Health: -2/24      AC:  5    Str: 14    XL:     3   Next: 95%
Magic:  0/3        EV: 13    Int: 10    God:
Gold:   127        SH:  0    Dex: 13    Spells: 2/2 levels left

rFire    . . .     SeeInvis .   a - +0 short sword
rCold    . . .     Gourm    .   (no shield)
rNeg     + . .     Faith    .   b - +0 robe
rPois    ∞         Spirit   +   (no helmet)
rElec    +         Reflect  .   (no cloak)
rCorr    .         Harm     .   (no gloves)
MR       .....                  (no boots)
Stlth    ++........             h - amulet of guardian spirit
HPRegen  0.08/turn              i - ring of wizardry
MPRegen  0.08/turn              g - ring of poison resistance

@: slowed, very slow
A: negative energy resistance 1, electricity resistance, unbreathing,
petrification resistance, rot immunity, AC +3
a: no special abilities


You were on level 2 of the Dungeon.
You were not hungry.

You visited 1 branch of the dungeon, and saw 2 of its levels.

You collected 127 gold pieces.

Inventory:

Hand Weapons
 a - a +0 short sword (weapon)
Armour
 b - a +0 robe (worn)
Jewellery
 g - a ring of poison resistance (right hand)
 h - an amulet of guardian spirit (around neck)
 i - a ring of wizardry (left hand)
Wands
 o - a wand of clouds (6)
Scrolls
 d - 3 scrolls of remove curse
 j - 4 scrolls of enchant armour {unknown}
Potions
 f - a potion of heal wounds
 k - a potion of brilliance
 l - 3 potions of degeneration
 m - a potion of curing
 n - a potion of might {unknown}
Comestibles
 c - 3 rations
 p - 2 chunks of flesh


   Skills:
 + Level 3.8 Fighting
 + Level 3.1 Short Blades
 + Level 2.9 Dodging
 + Level 3.0 Stealth


You had 2 spell levels left.
You didn't know any spells.

Dungeon Overview and Level Annotations

Branches:
Dungeon (2/15)

Altars:

Annotations:
D:2 Crazy Yiuf


Innate Abilities, Weirdness & Mutations

You are resistant to torment.
Your stone body is resilient. (AC +3)
You are immune to poison.
You resist negative energy. (rN+)
You are resistant to electric shocks. (rElec)
You can survive without breathing.
You are immune to petrification.
You are immune to rotting.


Message History

Crazy Yiuf hits you with a quarterstaff of chaos!
You suddenly lose the ability to move!
Crazy Yiuf grits, "Ice!
Ten shoe unthinkable."
Crazy Yiuf hits you with a quarterstaff of chaos.
Crazy Yiuf burns you.
Crazy Yiuf hits you with a quarterstaff of chaos.
* * * LOW HITPOINT WARNING * * *
Crazy Yiuf freezes you.
* * * LOW HITPOINT WARNING * * *
You can move again.
You feel much better.
Crazy Yiuf hits you with a quarterstaff of chaos!
You feel yourself slow down.
You barely miss Crazy Yiuf.
Crazy Yiuf is lightly wounded.
Crazy Yiuf whimpers, "Cake agre poople!"
Crazy Yiuf hits you with a quarterstaff of chaos!
* * * LOW HITPOINT WARNING * * *
Crazy Yiuf burns you.
You die...

###..........#.......########
######.....#÷......#
#...########### #...# #...#
##### #...# #)..# #...# #...#
###.# #.g.# #.# #@# #.# ♣.♣♣
#.# ♣♣.♣ #[# ♣.♣♣ #.# ♣♣.♣
#.# ♣♣.♣♣ #.# ♣♣...♣ #.#
♣....♣ #.# #....#


You could see Crazy Yiuf.

Vanquished Creatures
  An adder (D:2)
  A dart slug (D:1)
  2 bats (D:2)
  A giant cockroach (D:1)
  6 goblins
  3 hobgoblins (D:1)
  6 jackals
  9 kobolds
  2 quokkas (D:2)
  2 frilled lizards (D:1)
  7 rats
40 creatures vanquished.

Notes
Turn   | Place    | Note
-------+----------+-------------------------------------------
     0 | D:1      | Borgoz the Gargoyle Monk began the quest for the Orb.
     0 | D:1      | Reached XP level 1. HP: 14/14 MP: 1/1
   233 | D:1      | Reached XP level 2. HP: 19/19 MP: 2/2
   797 | D:1      | Reached XP level 3. HP: 17/23 MP: 3/3
  1758 | D:2      | Found a runed door.
  1806 | D:2      | Noticed Crazy Yiuf
  1810 | D:2      | Paralysed by Crazy Yiuf for 4 turns
  1815 | D:2      | Slain by Crazy Yiuf

Vault maps used:
D:1:      lightli_arrival_noodles, minmay_pentomino_q2
D:2:      uniq_crazy_yiuf_cottage

Skill      XL: |  1  2  3 |
---------------+----------+-----
Short Blades   | 3 |  3.1
Stealth        | 3 |  3.0
Fighting       | |  3.8
Dodging        | |  2.9

Action                   || total
-------------------------++-------
Melee: Short sword       ||   134
  Use: Scroll            ||     5
       Potion            ||     1
 Stab: Sleeping          ||     6
  Eat: Chunk             ||     3
Armor: Robe              ||    42
Dodge: Dodged            ||    84

Table legend:
 A = Spawn XP
 B = Non-spawn XP
 C = Spawn XP percentage of total XP
 D = Spawn monster count
 E = Non-spawn monster count
 F = Spawn count percentage of total count
 G = Total turns spent on level
                    A         B        C        D         E        F      G
               +---------+---------+-------+---------+---------+-------+---------
         Total |       0 |      80 |   0.0 |       0 |      40 |   0.0 |  1815
               +---------+---------+-------+---------+---------+-------+---------
           D:1 |       0 |      44 |   0.0 |       0 |      25 |   0.0 |  1296
           D:2 |       0 |      36 |   0.0 |       0 |      15 |   0.0 |   519
               +---------+---------+-------+---------+---------+-------+---------
